Map: Congelamento ER

Players

Xauri

  • Race: Terran Terran
  • League: Master

Stalker - Winner!

  • Race: Protoss Protoss
  • League: Diamond

VOD

Have the link to the VOD?

Description

Time

  • Played on: Sept. 16, 2016, 11:23 p.m.
  • Length: 10:25
Show
View Real Time Build Order
Export as new Build Order

Xauri Terran 

Build Orders: Reaper Expand, MMM Bio 

Get SALT Encoding   

  12  0:00  SCV  
  13  0:13  SCV  
  14  0:17  Supply Depot  
  14  0:25  SCV  
  15  0:39  SCV  
  15  0:41  Barracks  
  16  0:45  Refinery  
  16  0:51  SCV  
  17  1:03  SCV  
  18  1:15  SCV  
  19  1:28  Orbital Command, Reaper  
  20  1:46  Command Center  
  20  1:53  Supply Depot  
  20  1:56  SCV  
  21  2:01  Marine  
  22  2:12  Factory  
  22  2:15  SCV  
  23  2:23  Barracks Reactor  
  23  2:27  SCV  
  24  2:36  Barracks  
  24  2:39  SCV  
  25  2:51  SCV  
  25  2:55  Refinery  
  26  2:59  Orbital Command  
  26  3:03  SCV, Marine x2  
  26  3:04  Widow Mine  
  31  3:15  Starport  
  31  3:19  Bunker, SCV  
  32  3:25  Marine x2  
  33  3:34  Marine  
  31  3:42  Marine  
  32  3:49  Marine  
  32  3:50  SCV  
  32  3:54  Barracks Tech Lab  
  32  3:55  Medivac  
  36  4:00  Widow Mine  
  36  4:01  SCV  
  39  4:09  Barracks  
  39  4:11  Marine  
  40  4:19  Supply Depot  
  40  4:20  Marine  
  41  4:24  Stimpack  
  41  4:27  SCV  
  42  4:33  Marine x2  
  43  4:39  SCV  
  43  4:42  Engineering Bay, Marine  
  45  4:51  Supply Depot  
  45  4:57  Supply Depot  
  45  5:00  Barracks Reactor  
  45  5:04  Marine  
  45  5:05  Marauder  
  48  5:07  SCV  
  46  5:16  Marine  
  46  5:20  SCV  
  48  5:26  Supply Depot, SCV  
  48  5:27  Terran Infantry Weapons Level 1  
  48  5:28  Factory Reactor, Starport Reactor  
  49  5:32  SCV  
  50  5:39  SCV  
  51  5:44  SCV  
  51  5:49  Marine  
  53  5:51  SCV  
  53  5:56  SCV  
  55  6:03  SCV  
  56  6:07  Command Center  
  56  6:08  SCV  
  56  6:09  Medivac  
  56  6:10  Widow Mine  
  60  6:23  SCV, Marauder, Marine x2  
  65  6:30  Barracks  
  65  6:34  SCV  
  66  6:40  Marine  
  66  6:45  SCV, Marauder  
  70  6:47  Refinery  
  70  6:51  SCV  
  67  7:04  Missile Turret  
  67  7:05  SCV x2  
  69  7:13  Barracks  
  69  7:17  Barracks, SCV  
  69  7:21  Engineering Bay  
  70  7:23  Marine  
  70  7:26  Barracks Reactor  
  70  7:29  Combat Shields  
  71  7:34  Marine  
  71  7:35  SCV  
  73  7:37  SCV  
  71  7:52  Marine  
  71  7:53  Marauder, Marine  
  75  8:03  Marine x2  
  70  8:15  Marauder  
  70  8:17  Barracks Tech Lab x2  
  70  8:19  Terran Infantry Armor Level 1  
  72  8:21  Medivac x2  
  72  8:22  Orbital Command  
  72  8:25  SCV  
  72  8:26  SCV  
  78  8:29  Marine  
  78  8:30  Refinery  
  79  8:36  Marauder  
  79  8:37  Marine x2  
  79  8:38  Marauder x2  
  79  8:39  SCV  
  88  8:44  Concussive Shells  
  88  8:45  SCV  
  89  8:50  Marine x2  
  89  8:51  SCV  
  89  8:53  SCV  
  93  9:07  Marine, SCV  
  93  9:09  Marine  
  93  9:11  Marine  
  93  9:12  Marine  
  93  9:16  Marine  
  93  9:29  SCV  
  93  9:30  Marine x3  
  93  9:31  Marauder x2  
  93  9:32  Supply Depot x2  
  93  9:34  Marauder  
  93  9:35  Supply Depot  
  93  9:36  Supply Depot x2  
  93  9:37  Supply Depot  
  88  9:40  Marine x2  
  81  9:45  Medivac x2  
  81  9:47  SCV  
  81  9:48  SCV  
  81  9:52  Marauder  
  79  9:54  SCV  
  79  9:56  Supply Depot, Marauder  
  79  9:58  Supply Depot  
  79  9:59  SCV  
  75  10:00  SCV  
  75  10:05  Marine  
  75  10:06  SCV  
  76  10:12  SCV  
Show
View Real Time Build Order
Export as new Build Order

Stalker Protoss - Winner!

Build Orders: 1 Gate Expand 

Get SALT Encoding   

  12  0:01  Probe (Chrono Boost)  
  13  0:11  Probe (Chrono Boost)  
  14  0:18  Pylon  
  14  0:22  Probe (Chrono Boost)  
  15  0:36  Probe (Chrono Boost)  
  15  0:38  Gateway  
  16  0:47  Probe (Chrono Boost)  
  16  0:48  Assimilator  
  17  0:57  Probe (Chrono Boost)  
  18  1:08  Probe (Chrono Boost)  
  19  1:22  Nexus  
  19  1:33  Cybernetics Core  
  19  1:36  Probe (Chrono Boost)  
  20  1:42  Assimilator  
  21  1:47  Probe (Chrono Boost)  
  21  1:53  Pylon  
  21  1:57  Probe (Chrono Boost)  
  23  2:11  Adept  
  23  2:12  Mothership Core (Chrono Boost)  
  26  2:18  Warp Gate  
  26  2:30  Probe (Chrono Boost)  
  26  2:33  Probe (Chrono Boost)  
  28  2:41  Probe (Chrono Boost)  
  30  2:44  Probe (Chrono Boost)  
  31  2:51  Probe (Chrono Boost)  
  31  2:54  Adept, Robotics Facility  
  31  2:55  Probe (Chrono Boost)  
  34  3:02  Probe (Chrono Boost)  
  35  3:07  Pylon  
  35  3:09  Probe (Chrono Boost)  
  36  3:14  Twilight Council  
  36  3:16  Probe (Chrono Boost)  
  37  3:23  Probe (Chrono Boost)  
  38  3:27  Probe (Chrono Boost)  
  38  3:28  Adept  
  42  3:34  Probe (Chrono Boost)  
  42  3:38  Probe (Chrono Boost)  
  43  3:43  Observer  
  43  3:45  Probe (Chrono Boost)  
  43  3:46  Gateway  
  44  3:48  Probe (Chrono Boost)  
  44  3:49  Gateway  
  44  3:53  Resonating Glaives  
  44  3:55  Probe (Chrono Boost)  
  45  3:59  Warp Prism  
  46  4:03  Probe (Chrono Boost)  
  46  4:05  Pylon  
  48  4:14  Probe (Chrono Boost)  
  48  4:15  Probe (Chrono Boost)  
  48  4:16  Assimilator  
  50  4:22  Assimilator  
  50  4:23  Adept  
  53  4:24  Probe (Chrono Boost)  
  53  4:27  Forge  
  53  4:35  Probe (Chrono Boost)  
  53  4:37  Probe (Chrono Boost)  
  55  4:45  Protoss Ground Weapons Level 1  
  55  4:46  Probe (Chrono Boost)  
  55  4:48  Observer  
  55  4:52  Adept x2  
  59  4:57  Pylon  
  61  5:01  Nexus  
  61  5:02  Pylon  
  61  5:11  Immortal  
  61  5:16  Probe (Chrono Boost)  
  61  5:17  Probe (Chrono Boost)  
  61  5:19  Pylon  
  67  5:24  Adept x3  
  73  5:29  Photon Cannon  
  73  5:34  Blink  
  73  5:39  Probe x2 (Chrono Boost)  
  76  5:51  Probe x2 (Chrono Boost)  
  76  5:54  Adept  
  76  5:55  Adept x2  
  85  6:04  Probe x2 (Chrono Boost)  
  85  6:08  Immortal  
  85  6:09  Pylon  
  87  6:20  Probe (Chrono Boost)  
  87  6:21  Probe (Chrono Boost)  
  87  6:22  Templar Archives  
  87  6:23  Probe (Chrono Boost)  
  90  6:30  Robotics Bay  
  92  6:33  Probe x3 (Chrono Boost), Sentry x2  
  97  6:42  Gateway  
  97  6:44  Gateway  
  97  6:45  Gateway  
  97  6:49  Probe x2 (Chrono Boost)  
  97  6:50  Adept  
  101  6:58  Immortal  
  93  7:03  Psionic Storm, Probe x2 (Chrono Boost)  
  93  7:07  Probe (Chrono Boost)  
  100  7:14  Adept x2, Assimilator  
  106  7:15  Probe (Chrono Boost)  
  106  7:16  Adept, Probe (Chrono Boost), Assimilator, Protoss Ground Weapons Level 2  
  106  7:18  Probe (Chrono Boost)  
  109  7:28  Forge  
  109  7:33  Pylon  
  109  7:35  Pylon  
  109  7:39  Observer  
  108  7:52  Stalker x2  
  108  7:53  Stalker x3  
  118  8:05  Adept  
  120  8:09  Probe x2 (Chrono Boost)  
  122  8:14  Pylon  
  122  8:15  Adept  
  122  8:16  Gateway x2, Pylon  
  122  8:19  Pylon  
  124  8:21  Pylon  
  124  8:24  Protoss Ground Armor Level 1, Gateway  
  124  8:37  Pylon  
  124  8:38  High Templar x2  
  124  8:40  Nexus, Adept x2  
  132  8:41  Observer, Pylon  
  132  8:42  Adept, Pylon  
  135  8:51  Adept  
  135  8:55  Colossus  
  142  9:05  Stalker  
  142  9:09  Adept x2  
  148  9:12  Stalker x2  
  152  9:21  High Templar  
  152  9:25  Zealot x2  
  152  9:38  Adept x6  
  162  9:48  Probe x2 (Chrono Boost)  
  162  9:52  Assimilator  
  170  9:56  Assimilator  
  166  10:02  Adept x6  
  166  10:03  Adept  
  180  10:11  Pylon  
  178  10:19  Stalker  
  178  10:20  Stalker  
Tags
 
Add a new tag
Caveats
  • Supply blocks, unpowered buildings, or Contaminate may cause inaccurate times.
  • Supply counts are checked every 10 seconds.